 Dungeon Crawl Stone Soup version 0.31-a0-826-ga5cc291a1b (webtiles) character file.

Game seed: 2662382912415577364

172 qw the Shooter (level 5, 0/32 HPs)
             Began as a Gargoyle Hunter on Sept 23, 2023.
             Slain by Robin
             ... wielding a +0 mace
              (1 damage)
             ... on level 2 of the Dungeon.
             The game lasted 00:00:40 (1104 turns).

qw the Shooter (Gargoyle Hunter)                    Turns: 1104, Time: 00:00:41

Health: 0/32       AC:  9    Str: 14    XL:     5   Next: 53%
Magic:  5/5        EV: 11    Int: 10    God:
Gold:   76         SH:  0    Dex: 15    Spells: 4/4 levels left

rFire   . . .        Y - +0 shortbow
rCold   . . .        (shield currently unavailable)
rNeg    + . .        c - +0 leather armour
rPois   inf          (no helmet)
rElec   +            (no cloak)
rCorr   .            d - +1 pair of gloves
SInv    .            (no boots)
Will    .....        (no amulet)
Stlth   ++           (no ring)
HPRegen 0.25/turn    (no ring)
MPRegen 0.09/turn

%: no passive effects
@: no status effects
A: sickness immunity, AC +4, negative energy resistance 1, electricity
resistance, torment resistance 1, petrification resistance
a: no special abilities


You were on level 2 of the Dungeon.
You visited 1 branch of the dungeon, and saw 2 of its levels.

You collected 76 gold pieces.


Innate Abilities, Weirdness & Mutations

You are immune to sickness and miasma.
Your stone body is resilient. (AC +4)
You are immune to poison.
You resist negative energy. (rN+)
You are resistant to electric shocks. (rElec)
You are resistant to unholy torment.
You are immune to petrification.


   Skills:
 + Level 3.2 Fighting
 - Level 6.0 Ranged Weapons
 - Level 1.3 Armour
 - Level 1.5 Dodging
 - Level 1.1 Stealth


You had 4 spell levels left.
You didn't know any spells.
Your spell library was empty.

Inventory:

Hand Weapons
 Y - a +0 shortbow (weapon)
Armour
 c - a +0 leather armour (worn)
 d - a +1 pair of gloves (worn)
Scrolls
 b - a scroll of identify
Potions
 a - a potion of enlightenment {unknown}
 i - a potion of resistance {unknown}

Dungeon Overview and Level Annotations

Branches:
Dungeon (2/15)

Altars:

Annotations:
D:2 Robin


Message History

You shoot an arrow. The arrow barely misses the goblin.
The goblin hits you with a +0 club. The goblin hits you with a +0 dagger.
You shoot an arrow. The arrow hits the goblin.
You kill the goblin!
The goblin hits you with a +0 club. The hobgoblin barely misses you.
You shoot an arrow. The arrow hits the goblin.
The goblin is heavily wounded.
The goblin hits you with a +0 club. The hobgoblin closely misses you.
You shoot an arrow. The arrow hits the goblin.
You kill the goblin!
Robin throws the goblin at you! The goblin closely misses you.
The hobgoblin closely misses you.
You shoot an arrow. The arrow closely misses the goblin.
The goblin hits you with a +0 dagger. The hobgoblin hits you.
You shoot an arrow. The arrow barely misses the goblin.
The goblin hits you but does no damage.
The hobgoblin hits you but does no damage.
You shoot an arrow. The arrow hits the goblin.
The goblin is heavily wounded.
The goblin no longer looks unusually strong.
The goblin hits you but does no damage. The hobgoblin barely misses you.
You shoot an arrow. The arrow barely misses the goblin.
The hobgoblin no longer looks unusually strong.
Robin roars a battlecry!
The goblins go into a battle-frenzy!
The goblin hits you but does no damage. The hobgoblin barely misses you.
You shoot an arrow. The arrow hits the goblin!
You kill the goblin!
Robin laughs in a distinctly smug fashion.
You shoot an arrow. The arrow closely misses the hobgoblin.
The hobgoblin closely misses you. Robin closely misses you.
The hobgoblin closely misses you.
You shoot an arrow. The arrow barely misses Robin.
Robin hits you with a +0 mace. The hobgoblin hits you.
You shoot an arrow.
The arrow hits Robin but does no damage.
Robin says, "Feeling lonely?"
Robin hits you with a +0 mace.
You die...
Robin calls out, "Let's celebrate!
Time for a feast!"

#... .... .####...#
..... .........
..... #........
...... #.....>...
......####.........
).>..)g@##.........
......#g##.........
..... #...........#
.... ####<.......#
#.. #........# ##
#........# ##
##.#####.# ##~#
.#####...#...##.#~#
....<.............~.


You could see Robin and a hobgoblin (strong).

Vanquished Creatures
  Natasha (thrice) (D:2)
  Terence (D:2)
  An adder (D:2)
  4 dart slugs
  4 bats (D:1)
  6 endoplasms
  2 giant cockroaches
  13 goblins
  A hobgoblin (D:1)
  4 jackals (D:1)
  3 quokkas (D:1)
  2 ball pythons (D:1)
  2 frilled lizards
  2 kobolds (D:1)
  4 rats (D:1)
52 creatures vanquished.

Notes
Turn   | Place    | Note
-------+----------+-------------------------------------------
     0 | D:1      | qw the Gargoyle Hunter began the quest for the Orb.
     0 | D:1      | Reached XP level 1. HP: 12/12 MP: 1/1
     0 | D:1      | 0 ||| qw: Version: 0.3-a-83-gcd0e7d8
     0 | D:1      | 0 ||| qw: Game counter: 1899
     0 | D:1      | 0 ||| qw: Melee chars always use a shield: true
     0 | D:1      | 0 ||| qw: God list: Okawaru
     0 | D:1      | 0 ||| qw: Allow faded altars: false
     0 | D:1      | 0 ||| qw: Do Orc after clearing Dungeon:15 true
     0 | D:1      | 0 ||| qw: Do second Lair branch before Depths: true
     0 | D:1      | 0 ||| qw: Lair rune preference: random
     0 | D:1      | 0 ||| qw: Goals: Normal
     0 | D:1      | 0 ||| PLANNING D:1-11
   126 | D:1      | Reached XP level 2. HP: 17/17 MP: 2/2
   154 | D:1      | Found a faded altar of an unknown god.
   399 | D:1      | Reached XP level 3. HP: 18/21 MP: 3/3
   457 | D:1      | Reached skill level 5 in Ranged Weapons
   700 | D:1      | 700 ||| UPGRADING to +1 pair of gloves.
   705 | D:1      | 705 ||| READING scroll labelled LYOWOI FOLEUX.
   706 | D:1      | 706 ||| READING scroll labelled YMOZAFRYULYSO.
   707 | D:1      | 707 ||| READING scroll labelled VAATEUSSUDEU.
   708 | D:1      | 708 ||| READING scroll labelled RUAGGOCVIC.
   725 | D:1      | 725 ||| READING scroll labelled CUAMMA GUXAT.
   726 | D:1      | 726 ||| READING scroll labelled SUTE XUSO SOTS.
   727 | D:1      | 727 ||| DROPPING scroll of butterflies.
   764 | D:2      | Reached skill level 3 in Fighting
   863 | D:2      | Noticed Natasha
   874 | D:2      | Killed Natasha
   875 | D:2      | Reached XP level 4. HP: 16/28 MP: 4/4
   884 | D:2      | Noticed Natasha
   896 | D:2      | Killed Natasha
   919 | D:2      | Noticed Natasha
   926 | D:2      | 926 ||| Stepping ~*~*~tactically~*~*~ (retreating).
   927 | D:2      | 927 ||| Stepping ~*~*~tactically~*~*~ (retreating).
   928 | D:2      | 928 ||| Stepping ~*~*~tactically~*~*~ (retreating).
   929 | D:2      | 929 ||| Stepping ~*~*~tactically~*~*~ (retreating).
   931 | D:2      | 931 ||| Stepping ~*~*~tactically~*~*~ (retreating).
   938 | D:2      | 938 ||| Stepping ~*~*~tactically~*~*~ (retreating).
   939 | D:2      | 939 ||| Stepping ~*~*~tactically~*~*~ (retreating).
   940 | D:2      | 940 ||| Stepping ~*~*~tactically~*~*~ (retreating).
   941 | D:2      | 941 ||| Stepping ~*~*~tactically~*~*~ (retreating).
   942 | D:2      | 942 ||| Stepping ~*~*~tactically~*~*~ (retreating).
   954 | D:2      | Killed Natasha
   955 | D:2      | Reached skill level 6 in Ranged Weapons
   955 | D:2      | Reached XP level 5. HP: 16/32 MP: 5/5
  1029 | D:2      | Noticed Terence
  1035 | D:2      | Killed Terence
  1036 | D:2      | Reached skill level 1 in Armour
  1066 | D:2      | Noticed Robin
  1095 | D:2      | HP: 8/32 [goblin/+0 club[Robin] (2)]
  1097 | D:2      | HP: 3/32 [goblin/+0 dagger[Robin] (5)]
  1103 | D:2      | HP: 3/32 [Robin/+0 mace (1)]
  1103 | D:2      | HP: 1/32 [hobgoblin[Robin] (2)]
  1104 | D:2      | Slain by Robin

Levels and vault maps discovered:
D:1:      minmay_arrival_three_doors, layout_loops_ring,
          hellmonk_ecumenical_altar_leap_of_faith
D:2:      layout_rooms, chequers_serial_rivers_micro_a,
          kennysheep_decorative_pillar, nicolae_the_louvre, uniq_terence,
          uniq_natasha, uniq_robin

Skill      XL: |  1  2  3  4  5 |
---------------+----------------+-----
Ranged Weapons | 5 6 |  6.0
Fighting       | 3 |  3.2
Armour         | 1 |  1.3
Dodging        | |  1.5
Stealth        | |  1.1

Action                     |  1- 3 |  4- 6 || total
---------------------------+-------+-------++-------
   Fire: Shortbow          |   100 |    87 ||   187
    Use: Scroll            |     6 |       ||     6
 Armour: Leather armour    |    25 |    59 ||    84
  Dodge: Dodged            |    15 |    48 ||    63

Table legend:
 A = Non-vault XP
 B = Vault XP
 C = Vault XP percentage of total XP
 D = Non-vault monster count
 E = Vault monster count
 F = Vault count percentage of total count
                 A         B        C        D         E       F
            +---------+---------+-------+---------+---------+-------
      Total |     154 |      93 |  37.7 |      39 |      13 |  25.0
            +---------+---------+-------+---------+---------+-------
        D:1 |      53 |       0 |   0.0 |      30 |       0 |   0.0
        D:2 |     101 |      93 |  47.9 |       9 |      13 |  59.1
            +---------+---------+-------+---------+---------+-------
